 Dungeon Crawl Stone Soup version 0.30-a0-373-gd37427bb62 (webtiles) character file.

Game seed: 8864408941134576643

3482 Lobster4 the Trooper (level 10, 0/77 HPs)
             Began as a Human Wanderer on Nov 25, 2022.
             Was a Believer of Fedhas.
             Slain by a bullfrog (7 damage)
             ... on level 8 of the Dungeon.
             The game lasted 00:38:05 (11368 turns).

Lobster4 the Trooper (Human Wanderer)              Turns: 11368, Time: 00:38:05

Health: 0/77       AC:  8    Str: 14    XL:     10   Next: 27%
Magic:  17/17      EV: 12    Int: 13    God:    Fedhas [**....]
Gold:   433        SH:  0    Dex: 15    Spells: 13/18 levels left

rFire   + . .      SeeInvis .    a - +3 dagger (speed)
rCold   + . .      Faith    .    (no shield)
rNeg    . . .      Spirit   .    w - +3 leather armour {rPois}
rPois   +          Reflect  .    (no helmet)
rElec   .          Harm     .    (no cloak)
rCorr   .          Rampage  .    (no gloves)
Will    .....                    B - +1 pair of boots
Stlth   ++........               (no amulet)
HPRegen 0.32/turn                f - ring of protection from cold
MPRegen 0.15/turn                G - ring of protection from fire

@: about to teleport, hasted, very quick
A: no striking features
a: Renounce Religion, Wall of Briars


You were on level 8 of the Dungeon.
You worshipped Fedhas.
Fedhas was pleased with you.
You visited 1 branch of the dungeon, and saw 8 of its levels.
You also visited: Bailey.

You collected 433 gold pieces.

Inventory:

Hand Weapons
 a - a +3 dagger of speed (weapon)
 b - a +0 sling
 g - a +0 shortbow
 q - a +0 shortbow of flaming
 s - a +0 war axe
 v - a +1 falchion of electrocution
 z - a +4 mace
 D - a +0 rapier
 I - a +2 flail of venom
Missiles
 p - 10 poisoned darts (quivered)
 C - 4 boomerangs
 E - 6 javelins
 F - a throwing net
Armour
 l - a +4 scale mail
 w - a +3 leather armour of poison resistance (worn)
 B - a +1 pair of boots (worn)
Magical Staves
 h - a staff of cold
 m - a staff of poison
 o - a staff of air
Jewellery
 f - a ring of protection from cold (left hand)
 r - a ring of flight
 G - a ring of protection from fire (right hand)
Wands
 i - a wand of digging (5)
 j - a wand of roots (2)
 t - a wand of light (1)
 u - a wand of charming (2)
Scrolls
 x - 4 scrolls of teleportation
 y - 3 scrolls of magic mapping
 A - 2 scrolls of amnesia
 J - a scroll of butterflies
Potions
 c - a potion of haste
 d - a potion of lignification
 k - 3 potions of mutation {unknown}
 n - a potion of resistance
 H - 2 potions of flight {unknown}


   Skills:
 + Level 6.7 Fighting
 + Level 3.5(3.6) Short Blades
 - Level 1.4(2.6) Long Blades
 + Level 1.1 Ranged Weapons
 - Level 3.0 Throwing
 - Level 3.0 Armour
 - Level 3.0 Dodging
 - Level 3.0 Stealth
 - Level 1.0 Unarmed Combat
 + Level 4.9 Spellcasting
 + Level 4.6 Conjurations
 + Level 6.2 Hexes
 + Level 1.4 Air Magic
 + Level 1.3 Poison Magic
 - Level 3.0 Invocations
 - Level 3.0 Evocations


You had 13 spell levels left.
You knew the following spells:

 Your Spells              Type           Power      Damage    Failure   Level
a - Magic Dart            Conj           60%        1d6       3%          1
b - Slow                  Hex            76%        N/A       1%          1
c - Mephitic Cloud        Conj/Pois/Air  9%         N/A       26%         3

Your spell library contained the following spells:

 Spells                   Type           Power      Damage    Failure   Level
 Dazzling Flash           Conj/Hex       34%        N/A       8%          3
 Inner Flame              Hex/Fire       11%        N/A       19%         3
 Freeze                   Ice            12%        1d3       24%         1
 Hailstorm                Conj/Ice       9%         3d4       26%         3
 Call Imp                 Summ           3%         N/A       34%         2
 Frozen Ramparts          Ice            6%         1d1       56%         3


Dungeon Overview and Level Annotations

Branches:
Dungeon (8/15)             Temple (0/1) D:6          Bailey (visited)
   Lair: D:8-11

Altars:
Ashenzari
Dithmenos
Elyvilon
Fedhas
Makhleb
Uskayaw
Yredelemnul

Annotations:
D:2 Grinder


Message History

Grum barely misses you.
Your Ranged Weapons skill increases to level 1!
Items here: )) [[ ÷.
There are monsters nearby!
Your gnoll sergeant hits the gnoll sergeant with a +0 halberd.
A wolf comes into view.
Your gnoll sergeant barely misses the gnoll sergeant.
There is an empty arch of ancient stone here.
You feel yourself speed up. The gnoll sergeant barely misses you.
Your gnoll sergeant hits the gnoll sergeant with a +0 halberd.
Grum hits you from afar with a -1 spear!
* * * LOW HITPOINT WARNING * * *
Items here: ))) [[[.
Your gnoll sergeant hits the gnoll sergeant with a +0 halberd!
The gnoll sergeant dies!
Fedhas appreciates your contribution to the ecosystem.
Your attacks no longer feel as feeble.
Your gnoll sergeant hits Grum from afar with a +0 halberd!
Grum hits your gnoll sergeant but does no damage.
There is a gate leading back out of this place, spattered with blood here.
Welcome back to the Dungeon!
There is an empty arch of ancient stone here.
You start resting.
A bullfrog comes into view.
You feel better.
Okay, then.
You closely miss the bullfrog. The bullfrog hits you.
* * * LOW HITPOINT WARNING * * *
Okay, then.
As you read the scroll of teleportation, it crumbles to dust.
You feel strangely unstable. The bullfrog hits you.
* * * LOW HITPOINT WARNING * * *
The bullfrog closely misses you.
You hit the bullfrog.
The bullfrog is moderately wounded.
You hit the bullfrog.
The bullfrog is heavily wounded.
The bullfrog hits you!
You die...
Fedhas appreciates your contribution to the ecosystem.

**,,,,,,*,***,**,***.#*,,,,******
,******,**,*,***,* #.#*,,,.,,,,,,
,* **,***,****,###.#**,.#******
<* **,*,**,,,,,,....###..#******
,****,***.#..~~~~~~~......,,,,,**
,,,,,** ##...~#####≈....,,****,**
*****,*##....≈#...#≈.#***,** *,**
******,#.....~#.∩F.~.###.#,##*,**
,,,,,,,......≈#.@.#≈....#*#.,,,*
*********#...~#####~.###.#.**,,*
#########..~≈≈≈~≈~.# *#.#**,,*
#.$......).......))####.###..#*
#.#########...###..).).......#*
*,* #$### #######.###.##* *,* #.#
#..g,,,,, ***,* #.# #.....,,,
,,,,* #.# #.......,


You could see a bullfrog.

Vanquished Creatures
  Eustachio (D:4)
  2 steam dragons (D:7)
  2 water moccasins
  Duvessa (D:4)
  2 sky beasts
  A black bear (D:4)
  An ice beast (D:6)
  2 orc warriors (D:7)
  2 ogres
  2 centaurs
  A gnoll sergeant (Bailey)
  2 necrophages
  5 scorpions
  5 bullfrogs
  A wight (D:8)
  Dowan (D:4)
  A howler monkey (D:8)
  2 hounds (Bailey)
  2 orc priests
  2 gnoll boudas (Bailey)
  6 iguanas
  Ijyb (D:2)
  Natasha (thrice) (D:3)
  2 orc wizards
  Terence (D:2)
  9 gnolls
  4 adders
  2 shadow imps
  5 white imps
  3 worms
  A dart slug (D:1)
  27 orcs
  11 ball pythons
  6 bats
  8 endoplasms
  5 giant cockroaches
  11 goblins
  6 hobgoblins
  3 jackals (D:1)
  5 quokkas
  2 frilled lizards
  3 kobolds
  3 rats (D:2)
165 creatures vanquished.

Vanquished Creatures (collateral kills)
  A wolf (Bailey)
  A gnoll sergeant (Bailey)
  A gnoll bouda (Bailey)
3 creatures vanquished.

Vanquished Creatures (others)
  9 plants
9 creatures vanquished.

Grand Total: 177 creatures vanquished

Notes
Turn   | Place    | Note
-------+----------+-------------------------------------------
     0 | D:1      | Lobster4 the Human Wanderer began the quest for the Orb.
     0 | D:1      | Lobster4 set off with the following items: a +0 dagger, a
                  | scroll of teleportation, a potion of haste, a +0 leather
                  | armour, a potion of curing; and the following spell
                  | memorised: Slow; and the following spells available to
                  | memorise: Dazzling Flash, Inner Flame.
     0 | D:1      | Reached XP level 1. HP: 19/19 MP: 2/2
    92 | D:1      | Reached XP level 2. HP: 25/25 MP: 3/3
   522 | D:1      | Reached XP level 3. HP: 28/30 MP: 3/5
   577 | D:1      | Reached skill level 1 in Stealth
  1684 | D:2      | Reached skill level 1 in Dodging
  1918 | D:3      | Noticed Ijyb
  1918 | D:3      | Noticed Terence
  1930 | D:2      | Killed Ijyb
  1931 | D:2      | Reached skill level 1 in Short Blades
  1931 | D:2      | Reached XP level 4. HP: 25/37 MP: 6/6
  2028 | D:2      | Killed Terence
  2180 | D:3      | Noticed Natasha
  2210 | D:3      | Noticed a scorpion
  2224 | D:3      | Killed a scorpion
  2225 | D:3      | Reached skill level 1 in Throwing
  2225 | D:3      | Reached XP level 5. HP: 25/43 MP: 7/7
  2271 | D:3      | Killed Natasha
  2304 | D:3      | Noticed Natasha
  2440 | D:3      | Learned a level 1 spell: Magic Dart
  2458 | D:3      | Killed Natasha
  2459 | D:3      | Reached XP level 6. HP: 29/49 MP: 2/9
  2679 | D:3      | Noticed Natasha
  2687 | D:3      | Killed Natasha
  2840 | D:3      | Noticed Grinder
  3713 | D:4      | Noticed an ogre
  3873 | D:4      | Noticed Eustachio
  3919 | D:4      | Killed an ogre
  3920 | D:4      | Reached skill level 1 in Conjurations
  3920 | D:4      | Reached skill level 1 in Evocations
  3920 | D:4      | Reached XP level 7. HP: 55/55 MP: 10/10
  4347 | D:4      | Killed Eustachio
  4348 | D:4      | Reached skill level 5 in Fighting
  4348 | D:4      | Reached XP level 8. HP: 24/62 MP: 10/12
  4555 | D:4      | Noticed Dowan
  4556 | D:4      | Noticed Duvessa
  4590 | D:4      | Killed Duvessa
  4612 | D:4      | Killed Dowan
  5588 | D:4      | Reached skill level 1 in Long Blades
  5786 | D:5      | Entered Level 5 of the Dungeon
  6197 | D:5      | Found a basalt altar of Yredelemnul.
  6205 | D:5      | Found a blossoming altar of Fedhas.
  6205 | D:5      | Found a burning altar of Makhleb.
  6207 | D:5      | Found a broken altar of Ashenzari.
  6324 | D:5      | Became a worshipper of Fedhas Madash
  6929 | D:6      | Reached XP level 9. HP: 28/68 MP: 14/14
  7301 | D:6      | Found a staircase to the Ecumenical Temple.
  7367 | D:6      | Reached skill level 5 in Hexes
  7367 | D:6      | Reached skill level 1 in Invocations
  8653 | D:7      | Reached * piety under Fedhas
  9947 | D:7      | Reached XP level 10. HP: 63/77 MP: 16/16
 10236 | D:7      | Found a white marble altar of Elyvilon.
 10244 | D:7      | Found a shadowy altar of Dithmenos.
 10444 | D:7      | Learned a level 3 spell: Mephitic Cloud
 10458 | D:8      | Noticed a +0 dagger
 10459 | D:8      | Noticed a +0 hand axe
 10460 | D:8      | Found a hide-covered altar of Uskayaw.
 10590 | D:8      | Found a flagged portal.
 10596 | Bailey   | Entered a bailey
 10914 | Bailey   | Reached skill level 1 in Air Magic
 11195 | Bailey   | Reached ** piety under Fedhas
 11208 | Bailey   | Reached skill level 1 in Poison Magic
 11328 | Bailey   | Noticed Grum
 11345 | Bailey   | Reached skill level 1 in Ranged Weapons
 11347 | Bailey   | HP: 1/77 [Grum/-1 spear (12)]
 11368 | D:8      | Slain by a bullfrog

Illustrated notes

Levels and vault maps discovered:
D:1:      lightli_arrival_quake, layout_loops_ring, serial_forest,
          infiniplex_forest_straight_4, infiniplex_forest_lined_room_,
          infiniplex_forest_diagonal, infiniplex_forest_clump_tiny,
          infiniplex_forest_straight_1, infiniplex_forest_lined_4_way,
          hangedman_glass_teeth, glass_columns_a
D:2:      layout_basic, serial_forest, infiniplex_forest_lined_1,
          infiniplex_forest_clump_curved, infiniplex_forest_lined_corner,
          infiniplex_forest_pool, infiniplex_forest_split,
          infiniplex_forest_clump_medium, infiniplex_forest_end_2, fountainhead
D:3:      layout_rooms, serial_bayou, serial_bayou_shore_b,
          serial_bayou_crossing, serial_bayou_shore_b, serial_bayou_ford_a,
          st_stairs_12, minmay_between, uniq_ijyb, uniq_natasha, uniq_grinder,
          uniq_terence
D:4:      layout_gridville, uniq_duvessa, uniq_eustachio
D:5:      nicolae_cairo_tiling_large_dashed, layout_loops_cross, minitemple
D:6:      layout_loops_corners, minmay_temple_entry_hall
D:7:      layout_basic, mainiacjoe_overflow_big_doors, serial_corexii_hall,
          corexii_hall_statues_x, corexii_hall_statues_t
D:8:      layout_loops_ring, dancing_weapons_uskayaw, enter_bailey_3

Skill      XL: |  1  2  3  4  5  6  7  8  9 10 |
---------------+-------------------------------+-----
Stealth        | 1 3 |  3.0
Dodging        | 1 2 3 |  3.0
Short Blades   | 1 2 3 |  3.5
Throwing       | 1 2 3 |  3.0
Armour         | 2 3 |  3.0
Spellcasting   | 2 3 4 |  4.9
Conjurations   | 1 3 4 |  4.6
Evocations     | 1 3 |  3.0
Hexes          | 4 5 6 |  6.2
Fighting       | 5 6 |  6.7
Long Blades    | 1 |  1.4
Invocations    | 3 |  3.0
Air Magic      | 1 |  1.4
Poison Magic   | 1 |  1.3
Ranged Weapons | 1 |  1.1
Unarmed Combat | |  1.0

Action                   |  1- 3 |  4- 6 |  7- 9 | 10-12 || total
-------------------------+-------+-------+-------+-------++-------
Melee: Dagger            |   115 |   163 |   422 |   213 ||   913
       Punch             |     1 |     2 |     2 |     3 ||     8
 Fire: Shortbow          |       |       |       |    22 ||    22
Throw: Dart              |       |    32 |   121 |    10 ||   163
       Boomerang         |       |       |     8 |       ||     8
       Javelin           |       |       |     2 |       ||     2
 Cast: Slow              |     3 |     2 |     9 |     6 ||    20
       Magic Dart        |       |     3 |    23 |    14 ||    40
Evoke: Wand              |       |     6 |    22 |     3 ||    31
  Use: Scroll            |     4 |     3 |     9 |     3 ||    19
       Potion            |       |     3 |     1 |     3 ||     7
 Stab: Sleeping          |     2 |     2 |       |       ||     4
       Invisible         |       |     1 |     4 |     2 ||     7
Armor: Leather armour    |    26 |    26 |    89 |    44 ||   185
       Skin              |       |       |       |    18 ||    18
Dodge: Dodged            |    58 |    61 |   180 |    93 ||   392

Table legend: (Time is in decaauts)
 A = Elapsed time spent in this place.
 B = Non-inter-level travel time spent in this place.
 C = Inter-level travel time spent in this place.
 D = Time resting spent in this place.
 E = Time spent auto-exploring this place.
 F = Levels seen in this place.
 G = Mean time per level.
                   A        B        C        D        E       F      G
               +--------+--------+--------+--------+--------+-----+--------+
         Total |  11020 |  10208 |    812 |   2853 |   5114 |   9 | 1224.4 |
       Dungeon |  10324 |   9512 |    812 |   2471 |   5092 |   8 | 1290.5 |
        Bailey |    696 |    696 |      0 |    382 |     22 |   1 |  696.0 |
               +--------+--------+--------+--------+--------+-----+--------+

Top non-repeatable levels by time:
     D:4: 1964 daAuts
     D:7: 1833 daAuts
     D:6: 1503 daAuts
     D:2: 1501 daAuts
     D:3: 1277 daAuts
     D:5: 1191 daAuts
     D:1: 904 daAuts
  Bailey: 696 daAuts
     D:8: 147 daAuts
